 Dungeon Crawl Stone Soup version 0.30-a0-965-g42e074c17a (webtiles) character file.

Game seed: 13010052523691495008

6364 billz999 the Covert (level 11, -14/69 HPs)
             Began as a Kobold Enchanter on Mar 30, 2023.
             Was an Initiate of Gozag.
             Demolished by Gastronok (24 damage)
             ... on level 9 of the Dungeon.
             The game lasted 00:22:53 (9974 turns).

billz999 the Covert (Kobold Enchanter)              Turns: 9974, Time: 00:22:53

Health: -14/69     AC: 11    Str:  5    XL:     11   Next: 17%
Magic:  4/19       EV: 20    Int: 27    God:    Gozag
Gold:   583        SH:  0    Dex: 16    Spells: 10/21 levels left

rFire   . . .      SeeInvis +    h - +7 Spriggan's Knife {stab, EV+4 Stlth+}
rCold   . . .      Faith    .    (no shield)
rNeg    . . .      Spirit   .    b - +0 robe
rPois   .          Reflect  .    y - +2 helmet {SInv}
rElec   .          Rampage  +    K - +1 cloak {Will+}
rCorr   .                        n - +0 pair of gloves
Will    ++...                    I - +2 pair of boots of Etizxier {Rampage Int+6 Stlth+}
Stlth   ++++++++                 (no amulet)
HPRegen 0.31/turn                H - ring of willpower
MPRegen 0.16/turn                (no ring)

@: very slightly contaminated, invisible
A: small, no large weapons, nightstalker 3
a: Renounce Religion, Potion Petition, Call Merchant, Bribe Branch


You were on level 9 of the Dungeon.
You worshipped Gozag.
Gozag was pleased with you.
You visited 1 branch of the dungeon, and saw 9 of its levels.

You collected 1209 gold pieces.
You spent 488 gold pieces at shops.
You paid 138 gold pieces to Gozag.

Inventory:

Hand Weapons
 a - a +1 dagger
 h - the +7 Spriggan's Knife (weapon) {stab, EV+4 Stlth+}
   (You acquired it on level 2 of the Dungeon)

   Stab:      It is more effective when stabbing unaware enemies, sometimes
   treating them as though they were completely helpless.
   EV:        It affects your evasion (+4).
   Stlth:     It makes you more stealthy.
Armour
 b - a +0 robe (worn)
 n - a +0 pair of gloves (worn)
 y - a +2 helmet of see invisible (worn)
 I - the +2 pair of boots of Etizxier (worn) {Rampage Int+6 Stlth+}
   (You bought it in a shop on level 7 of the Dungeon)

   Int:       It affects your intelligence (+6).
   Rampage:   It bestows one free step when moving towards enemies.
   Stlth:     It makes you more stealthy.
 K - a +1 cloak of willpower (worn)
Jewellery
 H - a ring of willpower (left hand)
Wands
 q - a wand of flame (48)
 w - a wand of iceblast (11)
 C - a wand of acid (6)
 D - a wand of charming (2)
Scrolls
 d - 2 scrolls of fear {unknown}
 e - 2 scrolls of vulnerability
 i - 3 scrolls of teleportation
 j - 3 scrolls of enchant armour
 l - 3 scrolls of amnesia {unknown}
 m - a scroll of butterflies {unknown}
 o - 3 scrolls of brand weapon {unknown}
 p - a scroll of enchant weapon {unknown}
 r - 2 scrolls of blinking {unknown}
 s - 2 scrolls of poison {unknown}
 A - 3 scrolls of magic mapping {unknown}
 B - 5 scrolls of identify
 J - a scroll of immolation {unknown}
Potions
 c - a potion of invisibility
 f - 4 potions of curing
 g - 2 potions of attraction {unknown}
 k - a potion of brilliance {unknown}
 t - a potion of resistance {unknown}
 u - a potion of flight {unknown}
 v - a potion of berserk rage
 x - 3 potions of lignification
 z - 2 potions of haste {unknown}
 E - 2 potions of magic {unknown}
 F - a potion of heal wounds {unknown}
 G - 3 potions of mutation {unknown}


   Skills:
 - Level 8.8 Fighting
 - Level 10.0 Short Blades
 + Level 4.9 Dodging
 * Level 12.3 Stealth
 - Level 5.5 Spellcasting
 - Level 3.5 Conjurations
 - Level 5.5 Hexes


You had 10 spell levels left.
You knew the following spells:

 Your Spells              Type           Power      Damage    Failure   Level
a - Ensorcelled Hibernat  Hex/Ice        44%        N/A       3%          2
b - Confusing Touch       Hex            37%        N/A       2%          3
c - Tukima's Dance        Hex            37%        N/A       2%          3
d - Dazzling Flash        Conj/Hex       62%        N/A       3%          3

Your spell library contained the following spells:

 Spells                   Type           Power      Damage    Failure   Level
 Lesser Beckoning         Tloc           14%        N/A       11%         2
 Gell's Gravitas          Tloc           7%         N/A       21%         3
 Teleport Other           Tloc           7%         N/A       21%         3
 Iskenderun's Battlesphe  Conj           26%        2d8       41%         5
 Iron Shot                Conj/Erth      8%         9d3       99%         6
 Spellforged Servitor     Conj/Summ      8%         N/A       100%        7


Dungeon Overview and Level Annotations

Branches:
Dungeon (9/15)             Temple (0/1) D:7            Lair (0/5) D:9
    Orc: D:9-12

Altars:
Dithmenos
Elyvilon
Gozag
Hepliaklqana
Kikubaaqudgha
Nemelex Xobeh
Ru
Wu Jian
The Shining One

Shops:
D:7 [*?(*   D:8 ?

Annotations:
D:9 Gastronok


Innate Abilities, Weirdness & Mutations

You are small and have problems with some larger weapons.
You are completely attuned to the shadows.


Message History

Casting: Ensorcelled Hibernation (safe; 3% risk of failure)
Confirm with . or Enter, or press ? or * to list all spells.
Casting: Dazzling Flash (dangerous; 3% risk of failure)
Press: ? - help, Dir - look around, f - activate The river rat is dazzled.
You feel briefly sluggish. The river rat completely misses you.
Unknown command.
Casting: Dazzling Flash (dangerous; 3% risk of failure)
Confirm with . or Enter, or press ? or * to list all spells.
Casting: Dazzling Flash (dangerous; 3% risk of failure)
Press: ? - help, Dir - look around, f - activate You miscast Dazzling Flash.
You are very lightly contaminated with residual magic.
Nothing appears to happen.
The river rat twitches its whiskers.
The river rat closely misses you.
Casting: Dazzling Flash (dangerous; 3% risk of failure)
Confirm with . or Enter, or press ? or * to list all spells.
Aiming: Ensorcelled Hibernation (safe; 3% risk of failure)
Press: ? - help, Shift-Dir - straight line, f - Gastronok
Aim: Gastronok, wearing a +0 hat (heavily wounded, chance to affect: 10%) Gastronok resists with almost no effort.
Gastronok completely misses you.
Unknown command.
Aiming: Corrosive Bolt
Press: ? - help, Shift-Dir - straight line, f/p - Gastronok
Aim: Gastronok, wearing a +0 hat (heavily wounded, 100% to hit)
The bolt of acid hits Gastronok!
The acid corrodes Gastronok!
Gastronok is severely wounded.
The river rat barely misses you.
Unknown command.
Aiming: Corrosive Bolt
Press: ? - help, Shift-Dir - straight line, f/p - Gastronok
Aim: Gastronok, wearing a +0 hat (severely wounded, covered in acid, 100% to hit)
The bolt of acid hits Gastronok!
Gastronok is severely wounded.
The river rat is no longer blind.
Gastronok bites you!!
You die...
Your body crumbles into a pile of gold.

####'####).
.........)..
......)..####
.........#
................#
#...............####
#........##.........
##.r......##.........
...w@................
#####################


You could see Gastronok (corroded) and a river rat (summoned, unable to see
you).

Vanquished Creatures
  Pikel (D:7)
  A cyclops (D:9)
  Grinder (D:4)
  2 wyverns
  4 yaks (D:8)
  Eustachio (D:6)
  A steam dragon (D:5)
  A basilisk (D:9)
  3 water moccasins (D:9)
  3 orc warriors
  A sky beast (D:7)
  4 black bears
  4 ogres
  2 centaurs
  2 wolves (D:9)
  3 lemures
  3 phantoms
  2 kobold brigands (D:8)
  5 bullfrogs
  4 scorpions
  6 killer bees (D:8)
  A howler monkey (D:5)
  An electric eel (D:6)
  A jelly (D:5)
  4 gnoll boudas
  Crazy Yiuf (D:3)
  6 orc priests
  A hound (D:3)
  3 iguanas
  Ijyb (D:3)
  A sleepcap (D:8)
  9 orc wizards
  Terence (D:2)
  Robin (D:4)
  15 gnolls
  9 adders
  2 white imps
  An ufetubus (D:5)
  3 worms
  5 dart slugs
  25 orcs
  2 bats (D:2)
  6 endoplasms
  4 giant cockroaches (D:2)
  13 goblins
  10 hobgoblins
  2 jackals (D:4)
  11 kobolds
  8 quokkas
  2 ball pythons (D:1)
  5 frilled lizards
  A goblin skeleton (D:8)
  2 goblin zombies (D:8)
  A hobgoblin zombie (D:8)
  A kobold zombie (D:8)
  8 rats
221 creatures vanquished.

Vanquished Creatures (others)
  A human (D:7)
  2 fungi (D:9)
  12 plants (D:9)
15 creatures vanquished.

Grand Total: 236 creatures vanquished

Notes
Turn   | Place    | Note
-------+----------+-------------------------------------------
     0 | D:1      | billz999 the Kobold Enchanter began the quest for the Orb.
     0 | D:1      | Reached XP level 1. HP: 10/10 MP: 3/3
   174 | D:1      | Reached XP level 2. HP: 15/15 MP: 5/5
   223 | D:1      | Reached skill level 5 in Stealth
   360 | D:1      | Learned a level 2 spell: Ensorcelled Hibernation
   757 | D:2      | Identified a scroll of acquirement
   757 | D:2      | Acquired the +7 Spriggan's Knife {stab, EV+4 Stlth+}
   757 | D:2      | Found the +7 Spriggan's Knife {stab, EV+4 Stlth+}
   764 | D:2      | Reached XP level 3. HP: 14/19 MP: 6/6
   912 | D:2      | Noticed Terence
   998 | D:2      | Reached XP level 4. HP: 24/24 MP: 8/8
  1452 | D:2      | Killed Terence
  1453 | D:2      | Reached XP level 5. HP: 28/28 MP: 7/10
  1857 | D:3      | Noticed a phantom
  1878 | D:3      | Killed a phantom
  1879 | D:3      | Reached XP level 6. HP: 27/32 MP: 10/12
  2054 | D:3      | Found a runed translucent door.
  2057 | D:3      | Noticed Crazy Yiuf
  2062 | D:3      | Killed Crazy Yiuf
  2272 | D:3      | Reached skill level 6 in Stealth
  2393 | D:3      | Noticed Ijyb
  2405 | D:3      | Killed Ijyb
  3159 | D:4      | Noticed Robin
  3169 | D:4      | Killed Robin
  3285 | D:4      | Reached skill level 7 in Stealth
  3285 | D:4      | Reached XP level 7. HP: 36/36 MP: 13/13
  3615 | D:4      | Noticed Grinder
  3617 | D:4      | Killed Grinder
  3618 | D:4      | Reached skill level 5 in Short Blades
  3618 | D:4      | Reached skill level 8 in Stealth
  3698 | D:4      | Reached XP level 8. HP: 41/41 MP: 11/14
  3768 | D:4      | Learned a level 3 spell: Confusing Touch
  3772 | D:4      | Learned a level 3 spell: Tukima's Dance
  4196 | D:5      | Entered Level 5 of the Dungeon
  4248 | D:5      | Reached skill level 5 in Spellcasting
  4248 | D:5      | Reached skill level 5 in Hexes
  4633 | D:5      | Reached skill level 1 in Fighting
  4633 | D:5      | Reached skill level 9 in Stealth
  4759 | D:5      | Reached XP level 9. HP: 14/48 MP: 4/17
  5190 | D:5      | Learned a level 3 spell: Dazzling Flash
  5397 | D:6      | Reached skill level 1 in Conjurations
  5699 | D:5      | Reached skill level 10 in Stealth
  5752 | D:6      | Found an opulent altar of Gozag.
  5762 | D:6      | Became a worshipper of Gozag Ym Sagoz the Greedy
  5903 | D:6      | Noticed Eustachio
  6143 | D:6      | Killed Eustachio
  6366 | D:6      | Found a sacrificial altar of Ru.
  6514 | D:6      | Found a shadowy altar of Dithmenos.
  6518 | D:6      | Found an ornate altar of the Wu Jian Council.
  6673 | D:7      | Found Yzolyuma's Assorted Antiques.
  6679 | D:7      | Bought a pair of shimmering boots for 323 gold pieces
  6679 | D:7      | Identified the +2 pair of boots of Etizxier {Rampage Int+6
                  | Stlth+} (You bought it in a shop on level 7 of the Dungeon)
  6769 | D:7      | Found a staircase to the Ecumenical Temple.
  6864 | D:7      | Found a sparkling altar of Nemelex Xobeh.
  6978 | D:7      | Reached skill level 5 in Fighting
  7073 | D:7      | Found Puocutti's General Store.
  7130 | D:7      | Found Xilutwabby's Weapon Shop.
  7151 | D:7      | Found Metapush's Magic Scroll Boutique.
  7156 | D:7      | Reached XP level 10. HP: 59/59 MP: 18/18
  7405 | D:7      | Found a hazy altar of Hepliaklqana.
  7632 | D:7      | Found Xuusuin's Armour Shop.
  7645 | D:7      | Bought a +1 cloak of willpower for 165 gold pieces
  7663 | D:7      | Noticed Pikel
  7843 | D:7      | Killed Pikel
  7937 | D:7      | Found an ancient bone altar of Kikubaaqudgha.
  8243 | D:8      | Reached skill level 10 in Short Blades
  8516 | D:8      | Found a glowing golden altar of the Shining One.
  8635 | D:8      | Found Loril's Magic Scroll Shop.
  8881 | D:8      | Found a white marble altar of Elyvilon.
  9437 | D:9      | Reached skill level 11 in Stealth
  9440 | D:9      | Reached XP level 11. HP: 69/69 MP: 7/19
  9468 | D:9      | Noticed a cyclops
  9471 | D:9      | Killed a cyclops
  9667 | D:9      | Found a staircase to the Lair.
  9776 | D:9      | Reached skill level 12 in Stealth
  9962 | D:9      | Noticed Gastronok
  9974 | D:9      | Demolished by Gastronok

Illustrated notes

Levels and vault maps discovered:
D:1:      minmay_arrival_three_doors, layout_basic
D:2:      layout_basic, grunt_ministairs_15, chequers_serial_rivers_small_a,
          minmay_cupped, uniq_terence
D:3:      layout_loops_corners, kennysheep_generic_room_10, uniq_ijyb,
          uniq_crazy_yiuf_cottage
D:4:      layout_basic, uniq_robin, uniq_grinder
D:5:      layout_loops_ring, minmay_checkerbox
D:6:      layout_gridville, nicolae_ru_awakened_eye, amcnicky_altar_gilded,
          nicolae_overflow_squiral, uniq_eustachio
D:7:      layout_loops_corners, tgw_kikubaaqudgha,
          lemuel_coloured_pillars_altar, nemelex_spade_bored_becter,
          minmay_temple_entry_tees, serial_shops, nicolae_shop_crystal,
          nicolae_shop_temple_entry_statues_fountains, shop_statue, shop,
          nicolae_shop_waterfront, grunt_decor_resistance, lemuel_flame_loot_1,
          uniq_pikel
D:8:      layout_cave_pods, nicolae_overflow_crystal_walls,
          nicolae_tso_besieged_by_evil, serial_shops, shop_statue
D:9:      wander_kiku_kobolds, layout_stronghold, minmay_lair_entry_grove,
          uniq_gastronok

Skill      XL: |  1  2  3  4  5  6  7  8  9 10 11 |
---------------+----------------------------------+-----
Stealth        | 5 7 8 9 10 11 12 | 12.3
Spellcasting   | 3 4 5 |  5.5
Hexes          | 4 5 |  5.5
Short Blades   | 3 4 5 6 8 10 | 10.0
Fighting       | 1 5 8 |  8.8
Conjurations   | 3 |  3.5
Dodging        | 3 4 |  4.9

Action                     |  1- 3 |  4- 6 |  7- 9 | 10-12 || total
---------------------------+-------+-------+-------+-------++-------
  Melee: Dagger            |    40 |       |       |       ||    40
         Knife             |    35 |   135 |   183 |   138 ||   491
         Punch             |       |       |     5 |     1 ||     6
   Cast: Ensorcelled Hiber |       |    13 |    34 |    22 ||    69
         Confusing Touch   |       |       |    12 |    11 ||    23
         Dazzling Flash    |       |       |       |     3 ||     3
         Tukima's Dance    |       |       |       |     2 ||     2
  Evoke: Wand              |       |       |       |     2 ||     2
    Use: Scroll            |     4 |       |       |       ||     4
         Potion            |       |     2 |       |     2 ||     4
   Stab: Sleeping          |    13 |    19 |    39 |    39 ||   110
         Distracted        |       |     2 |     5 |     5 ||    12
         Confused          |       |       |     9 |    10 ||    19
         Invisible         |       |       |       |     2 ||     2
 Armour: Robe              |    26 |    13 |    42 |    18 ||    99
         Skin              |       |    20 |       |       ||    20
  Dodge: Dodged            |    49 |    76 |   199 |   100 ||   424

Table legend: (Time is in decaauts)
 A = Elapsed time spent in this place.
 B = Non-inter-level travel time spent in this place.
 C = Inter-level travel time spent in this place.
 D = Time resting spent in this place.
 E = Time spent auto-exploring this place.
 F = Levels seen in this place.
 G = Mean time per level.
                   A        B        C        D        E       F      G
               +--------+--------+--------+--------+--------+-----+--------+
         Total |   9831 |   9534 |    297 |    855 |   7107 |   9 | 1092.3 |
       Dungeon |   9831 |   9534 |    297 |    855 |   7107 |   9 | 1092.3 |
               +--------+--------+--------+--------+--------+-----+--------+

Top non-repeatable levels by time:
     D:4: 1525 daAuts
     D:7: 1440 daAuts
     D:6: 1218 daAuts
     D:3: 1126 daAuts
     D:8: 1080 daAuts
     D:5: 998 daAuts
     D:2: 961 daAuts
     D:1: 759 daAuts
     D:9: 720 daAuts
